 Dungeon Crawl Stone Soup version 0.22-a0-414-gacd343e8ff (webtiles) character file.

1501016 GordonOverkill the Conqueror (level 27, 273/273 HPs)
             Began as a Hill Orc Venom Mage on May 12, 2018.
             Was a High Priest of Trog.
             Escaped with the Orb
             ... and 3 runes on May 13, 2018!
             The game lasted 03:42:24 (96489 turns).

GordonOverkill the Conqueror (Hill Orc Venom Mage) Turns: 96489, Time: 03:42:24

Health: 273/273    AC: 46    Str: 24      XL:     27
Magic:  34/34      EV: 13    Int: 13 (15) God:    Trog [*****.]
Gold:   6948       SH: 25    Dex: 11      Spells: 29/29 levels left

rFire    + + +     SeeInvis +   a - +9 broad axe (chop)
rCold    + . .     Gourm    .   I - +0 large shield
rNeg     . . .     Faith    .   c - +7 gold dragon scales
rPois    +         Spirit   .   J - +0 helmet "Zunes" {+Inv rElec}
rElec    +         Reflect  .   j - +1 cloak {MR+}
rCorr    +         Harm     .   y - +2 pair of gloves of Okawaru's Pride {+Inv rCorr}
MR       +++..                  k - +2 pair of boots {Fly}
Stlth    ..........             i - amulet of Moral Flaws {Acrobat rF++}
HPRegen  0.55/turn              V - ring of see invisible
MPRegen  0.24/turn              Y - +3 ring of slaying

@: flying
A: blurry vision 1, subdued magic 1
0: Orb of Zot
}: 3/15 runes: decaying, serpentine, silver
a: Berserk, Trog's Hand, Brothers in Arms, Renounce Religion, Evoke
Invisibility, Stop Flying


You escaped.
You worshipped Trog.
Trog was extremely pleased with you.
You were very full.

You visited 10 branches of the dungeon, and saw 50 of its levels.
You also visited: Ice Cave.

You collected 9402 gold pieces.
You spent 2454 gold pieces at shops.

Inventory:

Hand Weapons
 a - a +9 broad axe of chopping (weapon)
 b - a +9 antimagic broad axe
Missiles
 L - 3 throwing nets (quivered)
Armour
 c - +7 gold dragon scales (worn)
 j - a +1 cloak of magic resistance (worn)
 k - a +2 pair of boots of flying (worn)
 y - the +2 pair of gloves of Okawaru's Pride (worn) {+Inv rCorr}
   (You found it on level 2 of the Snake Pit)

   It lets you turn invisible.
   It protects you from acid and corrosion.
 I - a +0 large shield (worn)
 J - the +0 helmet "Zunes" (worn) {+Inv rElec}
   (You bought it in a shop on level 2 of the Orcish Mines)

   It insulates you from electricity.
   It lets you turn invisible.
Jewellery
 i - the amulet of Moral Flaws (around neck) {Acrobat rF++}
   (You took it off a deep elf death mage on level 3 of the Elven Halls)

   [amulet of the acrobat]

   It helps you evade while moving and waiting.
   It greatly protects you from fire.
 V - a ring of see invisible (left hand)
 Y - a +3 ring of slaying (right hand)
Wands
 f - a wand of disintegration (5)
 m - a wand of polymorph (85)
 u - a wand of paralysis (21)
 w - a wand of clouds (11)
 B - a wand of enslavement (52)
 E - a wand of random effects (87)
 H - a wand of iceblast (32)
 N - a wand of digging (35)
 R - a wand of acid (39)
Scrolls
 d - 10 scrolls of fear
 e - 9 scrolls of fog
 l - a scroll of blinking
 o - 23 scrolls of teleportation
 s - a scroll of summoning
 t - 29 scrolls of identify
 v - a scroll of holy word
 C - 7 scrolls of immolation
 O - 18 scrolls of remove curse
 W - 2 scrolls of silence
 X - 2 scrolls of magic mapping
Potions
 h - 8 potions of lignification
 p - 9 potions of invisibility
 q - 4 potions of brilliance
 r - 9 potions of might
 x - 5 potions of haste
 A - 4 potions of cancellation
 D - 6 potions of heal wounds
 G - 19 potions of curing
 M - 6 potions of mutation
 Q - 7 potions of agility
 S - 7 potions of magic
 T - 3 potions of resistance
Comestibles
 Z - 14 rations


   Skills:
 O Level 27 Fighting
 - Level 20.0 Axes
   Level 1.0(11.7) Maces & Flails
 + Level 25.9 Armour
 - Level 15.0 Dodging
 - Level 1.6 Stealth
 - Level 25.0 Shields
 - Level 1.6 Spellcasting
   Level 1.0 Conjurations
   Level 2.7 Poison Magic
 - Level 15.0 Evocations


You had 29 spell levels left.
You didn't know any spells.
Your spell library contained the following spells:

 Spells                   Type           Power        Failure   Level  Hunger
 Mephitic Cloud           Conj/Pois/Air  #.......     98%         3    ####...
 Venom Bolt               Conj/Pois      #.........   100%        5    ######.
 Olgreb's Toxic Radiance  Pois           #.......     100%        4    #####..
 Animate Dead             Necr           N/A          100%        4    #####..
 Pain                     Necr           #...         91%         1    ##.....
 Animate Skeleton         Necr           N/A          91%         1    ##.....
 Vampiric Draining        Necr           #.........   100%        3    ####...
 Regeneration             Chrm/Necr      #.........   100%        3    ####...
 Sting                    Conj/Pois      #...         67%         1    ##.....
 Poisonous Vapours        Pois/Air       #.....       87%         2    ###....


Dungeon Overview and Level Annotations

Branches:
Dungeon (15/15)            Temple (1/1) D:7            Lair (6/6) D:8
  Swamp (4/4) Lair:2        Snake (4/4) Lair:4        Slime (0/5) Lair:5
    Orc (2/2) D:9             Elf (3/3) Orc:2        Vaults (5/5) D:13
  Crypt (0/3) Vaults:3     Depths (5/5) D:15            Zot (5/5) Depths:5

Altars:
Ashenzari
Dithmenos
Elyvilon
Kikubaaqudgha
Makhleb
Nemelex Xobeh
Okawaru
Sif Muna
Trog
Uskayaw
Vehumet
Wu Jian
Xom
Yredelemnul
Zin
The Shining One
Beogh
Jiyva

Shops:
D:6 (   D:8 !   Orc:2 :*([   Elf:2 *   Swamp:1 *   Vaults:3 }   Depths:1 [[

Portals:
Hell: Depths:1 Depths:2 Depths:3 Depths:4 Depths:5
Abyss: Depths:4
Pandemonium: Depths:3 Depths:5
Ziggurat: Depths:1

Annotations:
D:2 Natasha
Elf:3 1 exclusion
Zot:1 1 transporter


Innate Abilities, Weirdness & Mutations

Scrolls take you a little longer to read.
Your spells are a little easier to cast, but a little less powerful.


Message History

Trog accepts your kill.
You slash the quasit!
You kill the quasit!
Trog accepts your kill.
No target in view!
No target in view!
No target in view!
A shadow imp comes into view.
The shadow imp shouts, "Go and return not, thou vain elf-skinned gudgeon!"
The shadow imp moves out of view.
You block the shadow imp's attack.
You slash the shadow imp!
You kill the shadow imp!
Trog accepts your kill.
No target in view!
No target in view!
No target in view!
An ice devil comes into view.
There is a staircase leading out of the dungeon here.
You have escaped!

....##..#####......#####...#.#
#.####.....................#.##
..# #.........##.............#
######.........##.........###.#
#.....##............##......#
#.....##............##......#
#...........................#
#...........................#
#..##.........@........##...#
#..##........>.........##...#
#....)......................#
#................4..........#
#.....##............##......##
#.....##............##.......#
####.........##.........####.#
#.........##.........# #.#
#....................# #.#


You could see an ice devil.

Vanquished Creatures
  7 ancient liches
  5 orbs of fire
  2 juggernauts
  Sojobo (Depths:2)
  Saint Roka (Vaults:3)
  2 Killer Klowns (Zot:5)
  2 curse toes
  Xtahua (Depths:3)
  12 golden dragons
  the Enchantress (Depths:1)
  An electric golem (Zot:5)
  15 tentacled monstrosities
  A Brimstone Fiend (Depths:2)
  4 liches
  29 Orb Guardians
  A Hell Sentinel (D:15)
  3 titans
  Asterion (Vaults:3)
  6 quicksilver dragons
  3 deep elf blademasters
  2 Executioners
  A pandemonium lord (Depths:2)
  2 acid blobs
  2 deep elf master archers (Elf:3)
  5 death cobs
  3 sphinxes
  Kirke (D:15)
  2 thorn hunters (Swamp:4)
  Frances (Swamp:1)
  17 shadow dragons
  Agnes (Snake:4)
  A daeva (Depths:1)
  Roxanne (Swamp:1)
  10 storm dragons
  7 tengu reavers
  The ghost of NeAGen181 the Warrior, a journeyman HOFi of Beogh (Snake:3)
  3 draconian monks
  12 nagarajas
  3 draconian knights
  12 fire giants
  14 vault wardens
  An iron dragon (Vaults:5)
  8 deep elf sorcerers
  7 frost giants
  An orc warlord (Orc:2)
  4 azure jellies
  A ghost moth (Zot:1)
  2 deep elf elementalists
  A cacodemon (Zot:2)
  A balrug (Depths:2)
  Aizul (Vaults:3)
  Louise (Swamp:4)
  7 draconian annihilators
  3 draconian shifters
  3 draconian scorchers (Zot:1)
  5 draconian stormcallers
  5 spriggan defenders
  2 angels (Elf:1)
  12 ironheart preservers
  23 very ugly things
  An entropy weaver (shapeshifter) (Depths:3)
  3 war gargoyles
  23 stone giants
  6 green draconians
  5 vampire knights (Depths:1)
  4 entropy weavers
  20 white draconians
  9 yellow draconians
  7 deep elf demonologists
  12 deep elf annihilators
  5 purple draconians
  15 black draconians
  10 red draconians
  Azrael (D:15)
  20 spark wasps
  10 deep elf death magi
  A blizzard demon (D:1)
  4 death oozes
  A crystal guardian (Vaults:2)
  12 ettins
  Josephine (D:15)
  10 great orbs of eyes
  16 fire dragons
  Harold (D:11)
  13 yaktaur captains
  5 deep elf high priests
  7 rakshasas
  11 ice dragons
  14 naga warriors
  29 vault guards
  A hell beast (Depths:3)
  Erolcha (D:10)
  19 hydras
  A quicksilver dragon skeleton (Depths:3)
  A hydra (shapeshifter) (Vaults:5)
  18 anacondas
  4 ghost crabs
  21 ogre magi
  A merfolk avatar (Lair:6)
  2 catoblepae
  5 spriggan air magi
  10 alligators
  5 death knights
  8 centaur warriors
  46 two-headed ogres
  6 death yaks
  11 deep troll shamans
  7 deep troll earth magi
  15 naga sharpshooters
  25 dancing weapons
  5 spriggan berserkers
  2 vampire magi (Depths:1)
  4 orc high priests
  13 shock serpents
  4 tengu warriors
  The ghost of tmwh the Thaumaturge, a novice DrCj of Vehumet (D:7)
  A spectral yaktaur (Depths:1)
  9 spriggans
  10 deep elf knights
  2 sixfirhies
  4 iron trolls
  2 soul eaters (Depths:1)
  A shadow wraith (Depths:1)
  7 salamander mystics
  5 sun demons
  4 skeletal warriors (Depths:1)
  29 deep trolls
  3 glowing orange brains
  5 spriggan druids
  14 deep elf archers
  3 flayed ghosts (Depths:2)
  3 unseen horrors
  8 wizards
  13 swamp dragons
  6 naga ritualists
  An obsidian statue (Zot:5)
  7 phantasmal warriors
  A shadow demon (Depths:2)
  4 lindwurms (Snake:4)
  2 harpies (Lair:6)
  5 necromancers
  A shambling mangrove (Swamp:4)
  Pikel (D:8)
  13 ironbrand convokers
  15 mana vipers
  4 orc sorcerers
  7 wolf spiders
  2 manticores
  An orb spider (shapeshifter) (D:13)
  A wolf spider zombie (D:15)
  61 deep elf magi
  15 orc knights
  20 salamanders
  A cyclops (shapeshifter) (Depths:1)
  16 cyclopes
  A faun (shapeshifter) (Vaults:5)
  49 ugly things
  29 moths of wrath
  A salamander (shapeshifter) (Vaults:5)
  Maurice (D:13)
  A centaur zombie (D:15)
  7 ice statues
  33 naga magi
  Joseph (D:8)
  45 black mambas
  A moth of wrath (shapeshifter) (Depths:5)
  10 guardian serpents
  An elephant (Lair:6)
  2 rust devils
  An orange demon (Zot:2)
  11 vault sentinels
  13 spiny frogs
  4 rime drakes
  2 gargoyles
  A spriggan zombie (Depths:1)
  7 komodo dragons
  A tengu conjurer (Depths:2)
  43 yaktaurs
  An efreet (D:14)
  2 anaconda simulacra (IceCv)
  10 freezing wraiths
  A golden dragon simulacrum (IceCv)
  A yaktaur (shapeshifter) (Elf:1)
  A hellwing (Depths:2)
  2 ice devils
  A troll (shapeshifter) (Vaults:3)
  10 trolls
  A meliai (shapeshifter) (Vaults:1)
  4 red devils (Depths:2)
  A jumping spider (shapeshifter) (Depths:3)
  9 polar bears
  6 tyrant leeches
  2 tyrant leeches (shapeshifter) (Depths:2)
  A wind drake (shapeshifter) (Vaults:5)
  A merfolk (shapeshifter) (Vaults:5)
  11 bog bodies
  45 slime creatures
  A wind drake (Lair:6)
  Prince Ribbit (D:7)
  A tengu simulacrum (Vaults:4)
  17 hornets
  10 blink frogs
  A meliai zombie (D:15)
  9 hippogriffs
  4 hippogriffs (shapeshifter)
  An air elemental (Elf:2)
  4 redbacks
  2 shadows
  7 wyverns
  A centaur simulacrum (D:15)
  A vampire (D:15)
  A tarantella (Vaults:3)
  8 wraiths
  9 water elementals
  A basilisk (D:15)
  3 large abominations
  A dire elephant simulacrum (IceCv)
  5 fire elementals
  25 yaks
  3 hogs (D:15)
  28 vampire mosquitoes
  A neqoxec (D:6)
  17 swamp worms
  8 wargs
  42 nagas
  2 soldier ants
  2 iron troll simulacra (IceCv)
  3 harpy simulacra (IceCv)
  A floating eye (Depths:2)
  13 water moccasins
  Duvessa (D:5)
  8 porcupines
  2 hell hounds (D:15)
  An ice beast (shapeshifter) (Vaults:1)
  12 swamp drakes
  A swamp drake (shapeshifter) (Depths:4)
  2 black bears
  A sky beast (D:9)
  A slave (D:8)
  2 eyes of draining
  19 ice beasts
  45 orc warriors
  4 boggarts (Depths:1)
  25 centaurs
  3 phantoms
  5 wolves (Lair:3)
  41 ogres
  2 crocodiles
  A human skeleton (Vaults:4)
  A big kobold (D:11)
  A yaktaur zombie (Depths:1)
  A glowing shapeshifter simulacrum (Vaults:4)
  Blork the orc (D:4)
  4 earth elementals (Elf:2)
  8 bullfrogs
  3 scorpions
  A wyvern skeleton (D:9)
  Dowan (D:5)
  21 wights
  10 killer bees
  5 howler monkeys
  An electric eel (Lair:2)
  4 crimson imps
  5 bullfrog zombies
  2 quasits
  6 centaur skeletons
  5 hounds
  12 jellies
  16 orc priests
  3 bullfrog skeletons
  15 orc wizards
  5 iguanas
  6 hell rats (Lair:3)
  12 worker ants
  3 hound zombies
  5 hound skeletons
  A worker ant zombie (D:10)
  4 gnolls (D:2)
  8 adders
  4 shadow imps
  2 white imps (Lair:6)
  8 oozes
  An adder zombie (D:8)
  10 worms
  A dart slug (D:2)
  2 leopard geckos
  93 orcs
  3 bats
  2 giant cockroaches
  6 goblins
  7 hobgoblins
  20 jackals
  7 quokkas
  5 ball pythons
  3 frilled lizards
  15 kobolds
  A leopard gecko skeleton (D:7)
  A leopard gecko zombie (D:5)
  A quokka zombie (D:9)
  4 rats
  11 briar patches (Swamp:4)
  3 crawling corpses (Elf:3)
  2 fungi (Orc:2)
  2 plants
2274 creatures vanquished.

Vanquished Creatures (collateral kills)
  the Lernaean hydra (Swamp:4)
  A draconian monk (Zot:3)
  An azure jelly (Depths:1)
  A spriggan defender (Depths:1)
  A fire dragon (Depths:3)
  2 deep elf knights (Orc:2)
  A skeletal warrior (D:15)
  A deep troll (Depths:3)
  4 deep elf magi (Depths:3)
  An orc wizard (D:9)
14 creatures vanquished.

Vanquished Creatures (others)
  A tengu reaver (Depths:2)
  A white draconian (Zot:1)
  A deep elf death mage (Elf:3)
  An ogre mage (Vaults:3)
  A deep troll earth mage (Depths:2)
  2 deep elf magi (Orc:2)
  A black mamba (Snake:3)
  A naga mage (Snake:4)
  A bog body (Swamp:4)
  A hornet (Swamp:4)
  A spriggan (Swamp:4)
  4 humans (D:15)
  A neqoxec (D:15)
  A vampire mosquito (D:15)
  An ogre (Vaults:5)
  A jelly (D:4)
  An iguana (D:13)
  An orc wizard (Vaults:3)
  A white imp (Depths:3)
  An orc (Orc:2)
  2 briar patches (Swamp:4)
  A bush (Depths:3)
  34 fungi
  8 plants
69 creatures vanquished.

Grand Total: 2357 creatures vanquished

Notes
Turn   | Place    | Note
-------+----------+-------------------------------------------
     0 | D:1      | GordonOverkill the Hill Orc Venom Mage began the quest for the Orb.
     0 | D:1      | Reached XP level 1. HP: 14/14 MP: 3/3
   480 | D:1      | Found a shattered altar of Ashenzari.
   647 | D:1      | Reached XP level 2. HP: 21/22 MP: 2/4
   983 | D:1      | Reached skill level 1 in Fighting
  1582 | D:2      | Reached skill level 2 in Fighting
  1799 | D:2      | Reached XP level 3. HP: 30/30 MP: 0/5
  2127 | D:2      | Reached skill level 3 in Fighting
  2185 | D:2      | Reached skill level 12 in Fighting
  2185 | D:2      | Reached XP level 4. HP: 57/57 MP: 6/6
  2408 | D:2      | Noticed Natasha
  2636 | D:2      | Reached XP level 5. HP: 36/63 MP: 2/7
  3650 | D:3      | Found a white marble altar of Elyvilon.
  4148 | D:3      | Reached skill level 1 in Maces & Flails
  4841 | D:4      | Noticed Blork the orc
  5174 | D:4      | Reached skill level 1 in Axes
  5174 | D:4      | Reached XP level 6. HP: 26/71 MP: 2/8
  6285 | D:4      | Killed Blork the orc
  6285 | D:4      | Reached XP level 7. HP: 65/78 MP: 1/9
  6469 | D:5      | Entered Level 5 of the Dungeon
  6874 | D:5      | Reached skill level 5 in Axes
  6951 | D:5      | Noticed Duvessa
  6951 | D:5      | Noticed Dowan
  6995 | D:5      | Killed Dowan
  7005 | D:5      | Killed Duvessa
  7775 | D:5      | Reached XP level 8. HP: 51/85 MP: 10/10
  8005 | D:6      | Found Donk's Antique Weapon Emporium.
  8192 | D:6      | Got a warped ring mail
  8203 | D:6      | Identified the +5 ring mail of Light {rN+++ MR++ Dex-3} (You found it on level 6 of the Dungeon)
  8589 | D:7      | Noticed a troll
  8611 | D:7      | Killed a troll
  8838 | D:7      | Got a translucent spear
  8842 | D:7      | Identified the +10 spear of Wuamoh {antimagic, *Corrode Str+2 Int+10} (You found it on level 7 of the Dungeon)
  9033 | D:7      | Noticed a hippogriff
  9041 | D:7      | Killed a hippogriff
  9041 | D:7      | Reached skill level 10 in Axes
  9041 | D:7      | Reached XP level 9. HP: 77/91 MP: 3/11
  9149 | D:7      | Noticed tmwh's ghost (novice DrCj)
  9465 | D:7      | Noticed Prince Ribbit
  9477 | D:7      | Killed Prince Ribbit
  9600 | D:7      | Found a staircase to the Ecumenical Temple.
  9608 | Temple   | Entered the Ecumenical Temple
  9724 | Temple   | Became a worshipper of Trog the Wrathful
  9784 | D:7      | Found a bloodstained altar of Trog.
 10032 | D:7      | Killed tmwh's ghost
 10286 | D:8      | Noticed a hornet
 10301 | D:8      | Paralysed by a hornet for 3 turns
 10306 | D:8      | Killed a hornet
 10558 | D:8      | Reached XP level 10. HP: 87/99 MP: 4/12
 10593 | D:8      | Found Pof Kuam's Distillery.
 10637 | D:8      | Noticed Joseph
 10659 | D:8      | Killed Joseph
 10665 | D:8      | Found a staircase to the Lair.
 10811 | D:8      | Reached * piety under Trog
 11188 | D:8      | Noticed Pikel
 11202 | D:8      | Killed Pikel
 11660 | D:9      | Reached ** piety under Trog
 11760 | D:9      | Reached skill level 15 in Axes
 11931 | D:9      | Found a staircase to the Orcish Mines.
 12386 | D:9      | Noticed a two-headed ogre
 12392 | D:9      | Killed a two-headed ogre
 12392 | D:9      | Reached XP level 11. HP: 105/105 MP: 4/13
 12635 | D:10     | Entered Level 10 of the Dungeon
 12646 | D:10     | Noticed Erolcha
 12668 | D:10     | Killed Erolcha
 12727 | D:10     | Noticed a two-headed ogre
 12739 | D:10     | Killed a two-headed ogre
 12893 | D:10     | Reached *** piety under Trog
 13570 | D:10     | Noticed a tengu warrior
 13585 | D:10     | Killed a tengu warrior
 13587 | D:10     | Found the +8 orange crystal plate armour {Archmagi, Int+3 Clar}
 14347 | D:11     | Reached **** piety under Trog
 14501 | D:11     | Noticed a two-headed ogre
 14519 | D:11     | Killed a two-headed ogre
 14519 | D:11     | Received a gift from Trog
 14519 | D:11     | Reached skill level 5 in Armour
 15074 | D:11     | Noticed Harold
 15091 | D:11     | Killed Harold
 15154 | D:11     | Noticed a cyan ugly thing
 15171 | D:11     | Killed a cyan ugly thing
 15171 | D:11     | Reached XP level 12. HP: 113/113 MP: 4/14
 16510 | D:13     | Noticed a catoblepas
 16523 | D:13     | Killed a catoblepas
 16569 | D:13     | Noticed Maurice
 16581 | D:13     | Killed Maurice
 16639 | D:13     | Found the +7 sceptre of Torment
 16869 | D:13     | Got a faintly glowing morningstar
 16882 | D:13     | Identified the +6 morningstar of Kog Runk {flame, Str-2 Int+7} (You found it on level 13 of the Dungeon)
 17009 | D:13     | Reached skill level 13 in Fighting
 17022 | D:13     | Noticed a two-headed ogre
 17039 | D:13     | Killed a two-headed ogre
 17307 | D:13     | Found a gate to the Vaults.
 17362 | D:13     | Found a burning altar of Makhleb.
 17982 | D:13     | Paralysed by a hornet for 3 turns
 18066 | D:13     | Paralysed by a hornet for 1 turns
 18074 | D:13     | Reached skill level 10 in Armour
 18334 | D:14     | Noticed a death knight
 18642 | Lair:1   | Entered Level 1 of the Lair of Beasts
 19710 | Lair:2   | Found a staircase to the Swamp.
 19719 | Lair:2   | Reached XP level 13. HP: 122/122 MP: 5/15
 19725 | Lair:2   | Reached ***** piety under Trog
 22012 | Lair:4   | Received a gift from Trog
 22064 | Lair:4   | Reached skill level 5 in Dodging
 22249 | Lair:4   | Found a staircase to the Snake Pit.
 22319 | Lair:4   | Found a burning altar of Makhleb.
 22665 | Lair:5   | Reached skill level 1 in Evocations
 23442 | Lair:5   | Found a viscous altar of Jiyva.
 23442 | Lair:5   | Found a staircase to the Slime Pits.
 23706 | Lair:6   | Entered Level 6 of the Lair of Beasts
 24104 | Lair:6   | Reached skill level 5 in Evocations
 24583 | Lair:6   | Reached XP level 14. HP: 129/129 MP: 5/17
 24922 | Lair:6   | Got a translucent chain mail
 24923 | Lair:6   | Identified the +6 chain mail of Optimism {rElec rCorr Dex+4} (You found it on level 6 of the Lair of Beasts)
 25127 | Lair:6   | Received a gift from Trog
 25975 | Orc:1    | Entered Level 1 of the Orcish Mines
 26302 | Orc:1    | Found a roughly hewn altar of Beogh.
 26340 | Orc:2    | Entered Level 2 of the Orcish Mines
 26340 | Orc:2    | Found Apytujea's Antique Armour Boutique.
 26588 | Orc:2    | Bought a distressingly furry helmet for 237 gold pieces
 26593 | Orc:2    | Identified the cursed +0 helmet "Zunes" {+Inv rElec} (You bought it in a shop on level 2 of the Orcish Mines)
 26747 | Orc:2    | Found Cyjus's Antique Weapon Boutique.
 26952 | Orc:1    | Reached skill level 10 in Dodging
 27444 | Orc:2    | Noticed an orc warlord
 27473 | Orc:2    | Killed an orc warlord
 27659 | Orc:2    | Found Kematrie's General Store.
 28134 | Orc:2    | Found Ofomiuq's Book Shoppe.
 28140 | Orc:2    | Found a staircase to the Elven Halls.
 28146 | Orc:2    | Found a roughly hewn altar of Beogh.
 28537 | D:14     | Received a gift from Trog
 28607 | D:14     | Reached skill level 1 in Shields
 28976 | D:14     | Reached XP level 15. HP: 117/135 MP: 15/18
 29191 | D:15     | Entered Level 15 of the Dungeon
 29225 | D:15     | Noticed Azrael
 29240 | D:15     | Killed Azrael
 29449 | D:15     | Paralysed by a wizard for 4 turns
 29462 | D:15     | Reached skill level 5 in Shields
 29506 | D:15     | Noticed Kirke
 29532 | D:15     | Killed Kirke
 29610 | D:15     | Received a gift from Trog
 30067 | D:15     | Noticed Josephine
 30075 | D:15     | Killed Josephine
 30449 | D:15     | Found a staircase to the Depths.
 31081 | Swamp:1  | Entered Level 1 of the Swamp
 31247 | Swamp:1  | Found Sosyston's Island Escapes.
 31581 | Swamp:1  | Reached skill level 10 in Shields
 31724 | Swamp:1  | Noticed Frances
 31735 | Swamp:1  | Killed Frances
 31929 | Swamp:1  | Noticed Roxanne
 31945 | Swamp:1  | Killed Roxanne
 32119 | Swamp:1  | Identified Roxanne's Reference Book on Earth (You took it off Roxanne on level 1 of the Swamp)
 32586 | Swamp:2  | Reached XP level 16. HP: 122/143 MP: 11/19
 32589 | Swamp:2  | Received a gift from Trog
 32639 | Swamp:2  | Found a frozen archway.
 32649 | IceCv    | Entered an ice cave
 33863 | IceCv    | Got a steaming glass ring
 33873 | IceCv    | Identified the ring of Propriety {*Slow rElec rPois Int+5 SInv} (You found it in an ice cave)
 35914 | Swamp:3  | Received a gift from Trog
 36729 | Swamp:4  | Entered Level 4 of the Swamp
 36754 | Swamp:4  | Reached skill level 15 in Shields
 37107 | Swamp:4  | Noticed the 27-headed Lernaean hydra
 37288 | Swamp:4  | Killed the 26-headed Lernaean hydra
 37493 | Swamp:4  | Reached skill level 14 in Fighting
 37610 | Swamp:4  | Noticed a thorn hunter
 37627 | Swamp:4  | Killed a thorn hunter
 37924 | Swamp:4  | Noticed a thorn hunter
 37926 | Swamp:4  | Reached XP level 17. HP: 140/154 MP: 8/20
 37935 | Swamp:4  | Reached skill level 15 in Fighting
 38443 | Swamp:4  | Noticed Louise
 38459 | Swamp:4  | Killed Louise
 38816 | Swamp:4  | Reached skill level 16 in Fighting
 39074 | Swamp:4  | Received a gift from Trog
 39267 | Swamp:4  | Got a decaying rune of Zot
 39556 | Snake:1  | Entered Level 1 of the Snake Pit
 39767 | Snake:1  | Reached skill level 17 in Fighting
 41264 | Snake:2  | Got a pair of encrusted gloves
 41265 | Snake:2  | Identified the +2 pair of gloves of Okawaru's Pride {+Inv rCorr} (You found it on level 2 of the Snake Pit)
 41483 | Snake:2  | Reached skill level 18 in Fighting
 42091 | Snake:2  | Reached XP level 18. HP: 86/174 MP: 18/21
 42384 | Snake:2  | Reached skill level 19 in Fighting
 43453 | Snake:3  | Noticed NeAGen181's ghost (journeyman HOFi)
 43481 | Snake:3  | Received a gift from Trog
 43505 | Snake:3  | Killed NeAGen181's ghost
 43505 | Snake:3  | Reached skill level 20 in Fighting
 44234 | Snake:4  | Entered Level 4 of the Snake Pit
 44235 | Snake:4  | Noticed Agnes
 44255 | Snake:4  | Killed Agnes
 44999 | Snake:4  | Received a gift from Trog
 46117 | Snake:4  | Received a gift from Trog
 46117 | Snake:4  | Reached XP level 19. HP: 149/185 MP: 20/22
 47567 | Snake:4  | Got a serpentine rune of Zot
 47948 | Vaults:1 | Entered Level 1 of the Vaults
 48147 | Vaults:1 | Received a gift from Trog
 49354 | Vaults:1 | Reached ****** piety under Trog
 49631 | Vaults:2 | Received a gift from Trog
 49866 | Vaults:2 | Reached XP level 20. HP: 191/195 MP: 23/23
 50156 | Vaults:2 | Reached skill level 21 in Fighting
 51163 | Vaults:2 | Received a gift from Trog
 51416 | Vaults:3 | Reached skill level 22 in Fighting
 51525 | Vaults:3 | Noticed Saint Roka
 51534 | Vaults:3 | Received a gift from Trog
 51953 | Vaults:3 | Killed Saint Roka
 52329 | Vaults:3 | Noticed Asterion
 52346 | Vaults:3 | Killed Asterion
 52603 | Vaults:3 | Reached skill level 23 in Fighting
 52937 | Vaults:3 | Found a staircase to the Crypt.
 52937 | Vaults:3 | Found a basalt altar of Yredelemnul.
 52937 | Vaults:3 | Found an ancient bone altar of Kikubaaqudgha.
 52994 | Vaults:3 | Received a gift from Trog
 53001 | Vaults:3 | Noticed Aizul
 53021 | Vaults:3 | Killed Aizul
 53446 | Vaults:3 | Found the +6 arbalest "Damnation" {damnation}
 53615 | Vaults:3 | Reached XP level 21. HP: 209/212 MP: 22/24
 53665 | Vaults:3 | Found Ceremn's Gadget Boutique.
 53683 | Vaults:3 | Bought a wand of digging (15) for 760 gold pieces
 53987 | Vaults:4 | Reached skill level 24 in Fighting
 54190 | Vaults:4 | Received a gift from Trog
 55512 | Depths:1 | Entered Level 1 of the Depths
 55676 | Depths:1 | Reached skill level 25 in Fighting
 55718 | Depths:1 | Received a gift from Trog
 55806 | Depths:1 | Found a gateway to a ziggurat.
 56893 | Depths:1 | Noticed the Enchantress
 57472 | Depths:1 | Found Retirgh's Armour Shoppe.
 57589 | Depths:1 | Reached skill level 26 in Fighting
 58375 | Depths:1 | Found a gateway to Hell.
 58456 | Depths:1 | Identified the Volume of Unholy Magic
 58728 | Depths:1 | Reached XP level 22. HP: 192/228 MP: 23/25
 59069 | Depths:1 | Killed the Enchantress
 59507 | Depths:1 | Received a gift from Trog
 60601 | Elf:1    | Entered Level 1 of the Elven Halls
 62291 | Elf:1    | Found a radiant altar of Vehumet.
 62885 | Orc:1    | Upgraded the game from 0.22-a0-412-g2b68d144a4 to 0.22-a0-414-gacd343e8ff
 63108 | Depths:1 | Got a scorched war axe {god gift}
 63119 | D:15     | Identified the +8 war axe "Ynedobb" {chop, Str+3} (Trog gifted it to you on level 1 of the Depths)
 65520 | Depths:1 | Reached skill level 27 in Fighting
 66208 | Depths:1 | Found Ciog's Antique Armour Boutique.
 67658 | Depths:2 | Noticed a golden dragon
 67681 | Depths:2 | Killed a golden dragon
 68876 | Depths:2 | Found a white marble altar of Elyvilon.
 68877 | Depths:2 | Found a shattered altar of Ashenzari.
 68877 | Depths:2 | Found a sparkling altar of Nemelex Xobeh.
 69272 | Depths:2 | Noticed a juggernaut
 69311 | Depths:2 | Killed a juggernaut
 69841 | Depths:2 | Reached skill level 15 in Armour
 70332 | Depths:2 | Noticed a golden dragon
 70354 | Depths:2 | Killed a golden dragon
 70354 | Depths:2 | Reached XP level 23. HP: 195/240 MP: 23/26
 71743 | Depths:3 | Found a one-way gate leading to the halls of Pandemonium.
 71801 | Depths:3 | Noticed Xtahua
 71818 | Depths:3 | Killed Xtahua
 72795 | Depths:3 | Got a fine silver ring
 72814 | Depths:3 | Identified the ring of Starshine {*Contam +Fly rPois rF+} (You took it off a fire giant on level 3 of the Depths)
 72837 | Depths:3 | Received a gift from Trog
 72872 | Depths:3 | Paralysed by an ogre mage for 2 turns
 73896 | Depths:4 | Reached XP level 24. HP: 212/249 MP: 23/26
 74421 | Depths:4 | Found a one-way gate to the infinite horrors of the Abyss.
 74806 | Depths:4 | Paralysed by a sphinx for 6 turns
 74820 | Depths:4 | Paralysed by a sphinx for 4 turns
 75677 | Depths:5 | Entered Level 5 of the Depths
 75900 | Depths:5 | Found a sparkling altar of Nemelex Xobeh.
 76610 | Depths:5 | Found a runed door.
 76632 | Depths:5 | Received a gift from Trog
 76770 | Depths:5 | Found a gate to the Realm of Zot.
 77159 | Depths:5 | Noticed a juggernaut
 77186 | Depths:5 | Killed a juggernaut
 77791 | Vaults:5 | Entered Level 5 of the Vaults
 77978 | Vaults:5 | Reached XP level 25. HP: 257/257 MP: 25/26
 80061 | Vaults:5 | Got a silver rune of Zot
 80471 | Vaults:5 | Got brightly glowing storm dragon scales
 80473 | Vaults:5 | Identified the +10 storm dragon scales "Kuqoun" {+Fly rElec rCorr Dex+4} (You took it off a death knight on level 5 of the Vaults)
 80664 | Vaults:5 | Noticed an ancient lich
 80676 | Vaults:5 | Killed an ancient lich
 80715 | Vaults:5 | Received a gift from Trog
 81443 | Vaults:5 | Got a shimmering amber ring
 81444 | Vaults:5 | Identified the ring "Iwneulu" {Fire rPois Dex+2} (You found it on level 5 of the Vaults)
 81510 | Vaults:5 | Reached XP level 26. HP: 266/266 MP: 26/26
 82486 | Elf:1    | Found a glowing golden altar of the Shining One.
 82496 | Elf:1    | Found a white marble altar of Elyvilon.
 82497 | Elf:1    | Found a glowing silver altar of Zin.
 82970 | Elf:2    | Received a gift from Trog
 82983 | Elf:2    | Found Etewn's Assorted Antiques.
 83013 | Elf:2    | Bought a pair of runed boots for 225 gold pieces
 83013 | Elf:2    | Bought a potion of resistance for 300 gold pieces
 83368 | Elf:2    | Found a runed gate.
 83368 | Elf:2    | Found a runed gate.
 83377 | Elf:2    | Found a runed gate.
 83985 | Elf:3    | Entered Level 3 of the Elven Halls
 84764 | Elf:3    | Received a gift from Trog
 84790 | Elf:3    | Got a slimy steel amulet
 84790 | Elf:3    | Got a slimy crystal amulet
 84839 | Elf:3    | Identified the amulet "Vycirghedgh" {Gourm Dex+4} (You found it on level 3 of the Elven Halls)
 84840 | Elf:3    | Identified the amulet of Moral Flaws {Acrobat rF++} (You took it off a deep elf death mage on level 3 of the Elven Halls)
 85541 | Elf:3    | Identified the Reference Book on Unholy Changing
 86173 | Depths:2 | Noticed Sojobo
 86210 | Depths:2 | Killed Sojobo
 86327 | Zot:1    | Entered Level 1 of the Realm of Zot
 86679 | Orc:2    | Bought a potion of might for 64 gold pieces
 86679 | Orc:2    | Bought a scroll of fear for 56 gold pieces
 86679 | Orc:2    | Bought a scroll of enchant weapon for 120 gold pieces
 86679 | Orc:2    | Bought a potion of curing for 48 gold pieces
 86758 | D:8      | Bought a potion of cancellation for 112 gold pieces
 86758 | D:8      | Bought a potion of mutation for 112 gold pieces
 86758 | D:8      | Bought 2 potions of invisibility for 224 gold pieces
 86758 | D:8      | Bought a potion of mutation for 112 gold pieces
 86758 | D:8      | Bought a potion of curing for 42 gold pieces
 86758 | D:8      | Bought a potion of lignification for 42 gold pieces
 87334 | Zot:1    | Noticed an orb of fire
 87351 | Zot:1    | Killed an orb of fire
 87360 | Zot:1    | Reached skill level 15 in Dodging
 87850 | Zot:1    | Received a gift from Trog
 87850 | Zot:1    | Reached XP level 27. HP: 229/273 MP: 28/28
 88928 | Zot:1    | Reached skill level 10 in Evocations
 89162 | Zot:1    | Found a transporter.
 89167 | Zot:1    | Found a deep blue altar of Sif Muna.
 90230 | Zot:2    | Received a gift from Trog
 90540 | Zot:2    | Noticed an orb of fire
 90555 | Zot:2    | Killed an orb of fire
 91545 | Zot:3    | Reached skill level 15 in Evocations
 94052 | Zot:5    | Entered Level 5 of the Realm of Zot
 94448 | Zot:5    | Noticed an ancient lich
 94464 | Zot:5    | Killed an ancient lich
 94507 | Zot:5    | Noticed an ancient lich
 94522 | Zot:5    | Killed an ancient lich
 94533 | Zot:5    | Noticed an ancient lich
 94543 | Zot:5    | Noticed an orb of fire
 94544 | Zot:5    | Killed an ancient lich
 94557 | Zot:5    | Noticed an orb of fire
 94569 | Zot:5    | Killed an orb of fire
 94578 | Zot:5    | Killed an orb of fire
 94578 | Zot:5    | Received a gift from Trog
 94626 | Zot:5    | Noticed an ancient lich
 94636 | Zot:5    | Killed an ancient lich
 94822 | Zot:5    | Noticed an ancient lich
 94835 | Zot:5    | Killed an ancient lich
 95323 | Zot:5    | Noticed an orb of fire
 95345 | Zot:5    | Killed an orb of fire
 95598 | Zot:5    | Got the Orb of Zot
 95938 | Depths:2 | Noticed Koiclin the pandemonium lord
 95941 | Depths:2 | Noticed an ancient lich
 95954 | Depths:2 | Killed an ancient lich
 95964 | Depths:2 | Killed Koiclin the pandemonium lord
 96161 | D:12     | Noticed Xaloes the pandemonium lord
 96276 | D:6      | Gained mutation: Scrolls take you a little longer to read. [a neqoxec]
 96280 | D:6      | Gained mutation: Your spells are a little easier to cast, but a little less powerful. [a neqoxec]
 96489 | D:$      | Escaped with the Orb!

Vault maps used:
D:1:      dpeg_arrival_stonehenge_8_columns, evilmike_ruin_ashenzari
D:2:      first_ration, hex_tiny, minivault_4, uniq_natasha
D:3:      lemuel_doored_altar
D:4:      lemuel_old_faithful, uniq_blork_the_orc
D:5:      uniq_duvessa
D:6:      serial_shops, nicolae_shop_window_shopping
D:7:      minmay_temple_entry_glassed_door, basic_altar, uniq_prince_ribbit1
D:8:      dpeg_oklobed_lair, serial_shops, shop, kennysheep_nondescript,
          uniq_pikel, uniq_joseph
D:9:      erik_orc_2
D:10:     minmay_wavy_crystal, uniq_erolcha
D:11:     uniq_harold
D:12:     kennysheep_big_flooded_room
D:13:     david_vaults_1, basic_altar, hangedman_pestilent_swarm, minivault_26,
          minivault_15, uniq_maurice
D:14:     minmay_misc_feat_ornament
D:15:     grunt_enter_depths_magical_seal, serial_column_ruins,
          column_ruins_circle_small, column_ruins_hut_ruined,
          column_ruins_grid_2, column_ruins_grid_3, column_ruins_grid_3,
          column_ruins_open_small_water, column_ruins_open_medium,
          column_ruins_open_tiny, column_ruins_grid_1, st_stairs_9, uniq_azrael,
          uniq_josephine, uniq_kirke
Temple:   minmay_crystal_snake_temple
Lair:2:   minmay_swamp_entry_swarm
Lair:3:   serial_bayou_shore_a
Lair:4:   minmay_snake_entry_spellcaster, basic_altar
Lair:5:   dpeg_slime_entry_enclosed_altar, lemuel_fruit_tree
Lair:6:   gammafunk_lair_ancient_temple, ice2_lemuel
Swamp:1:  hangedman_swamp_pad, nicolae_island_escapes,
          infiniplex_staircase_pool, uniq_roxanne, uniq_frances
Swamp:2:  portal_ice_cave_entry_ugly_swarm, evilmike_swamp_ruin_house_6,
          swamp_pool2
Swamp:3:  cheibrodos_swamp_heart_of_darkness, nicolae_swamp_very_dense_foliage
Swamp:4:  grunt_swamp_rune_castle, uniq_louise
Snake:2:  hangedman_snake_pattern, evilmike_ambush
Snake:4:  snake_pit_salamanders_mu, guppyfry_library_mini, uniq_agnes
Orc:1:    lemuel_statue_altar
Orc:2:    grunt_orc_gardens, grunt_orc_garden, grunt_orc_garden,
          grunt_orc_garden, grunt_orc_garden, basic_altar
Elf:1:    elf_arrival_002, basic_altar, portal_desolation_entry_holy_temple,
          minmay_elf_sorcery
Elf:2:    serial_shops, shop_statue, grunt_ministairs_11
Elf:3:    grunt_elf_hall_spiral
Vaults:1: kb_rosetta, nicolae_vaults_little_squares_3, v_misc_5,
          hangedman_vaults_snaps, hangedman_vaults_river_flow,
          vaults_room_grunt_arrival_ludios, v_misc_2, nicolae_vaults_network_s,
          vaults_room_stairs_pillars, vaults_dpeg_spiral,
          nicolae_vaults_specimen_jars, nicolae_vaults_little_squares_2
Vaults:2: ontoclasm_vaults_shout, nicolae_vaults_circle_grid_a,
          ontoclasm_vaults_shuriken, nicolae_vaults_big_ls,
          vaults_standard_mumra_x, vaults_dpeg_hooks, dpeg_vaults_monster_row
Vaults:3: vaults_standard_mumra_enter_the_diamond,
          minmay_crypt_entry_necro_gods, v_misc_22,
          nicolae_vaults_yaktaur_gun_rack, v_misc_27, hangedman_vaults_nodes,
          vaults_dpeg_encased_lava, vaults_room_pools, vaults_room_large_hall,
          grunt_vaults_funnel, nicolae_vaults_little_squares_4,
          nicolae_vaults_sealed_display, serial_shops, nicolae_shop_waterfront,
          uniq_asterion, uniq_saint_roka, uniq_aizul
Vaults:4: v_misc_30, v_misc_12, vaults_mumra_minichess,
          nicolae_vaults_little_squares_5, ontoclasm_vaults_bender,
          nicolae_vaults_little_squares_2, ontoclasm_vaults_fault,
          hangedman_vaults_slice, v_misc_5, v_misc_18
Vaults:5: serial_shops
Depths:1: enter_ziggurat_d, serial_shops, kennysheep_mini,
          nicolae_shop_behind_doors, pf_hell_entry_great_geh, solitary_fountain,
          minmay_misc_feat_hallway, spider_trap, minmay_acid_items,
          uniq_enchantress
Depths:2: hangedman_slaughterboxes, hell_entry, uniq_sojobo
Depths:3: lemuel_castle_with_subvaults, pan_entry, grunt_mini_vestibule,
          kennysheep_underground_church, infiniplex_staircase_spiral_double,
          uniq_xtahua
Depths:4: minmay_the_grid_triangle_9x9_rhombus_thin_mashed,
          kennysheep_cross_room, abyss_entry, hangedman_tar_grid_catacomb,
          serial_bayou_ford_a
Depths:5: evilmike_zot_entry_basic, grunt_hell_entry_dis_mu,
          nemelex_xobeh_ov_fountains_minmay, pan_entry,
          kennysheep_treasure_room, grunt_megastairs_3
Zot:1:    gammafunk_sealed_library, hangedman_zot_decor_slant, st_stairs_10,
          st_small_dragon_hoard_2
IceCv:    ice_cave_statue_garden_chambered

Skill      XL: |  1  2  3  4  5  6  7  8  9 10 11 12 13 14 15 16 17 18 19 20 21 22 23 24 25 26 27 |
---------------+----------------------------------------------------------------------------------+-----
Fighting       | 2 12 13 14 18 20 23 26 27 | 27.0
Dodging        | 2 3 7 10 11 15 | 15.0
Maces & Flails | 1 |  1.0
Axes           | 1 3 6 10 12 15 17 18 19 20 | 20.0
Armour         | 6 11 12 15 19 20 25 | 25.9
Evocations     | 5 7 15 | 15.0
Shields        | 3 11 15 17 20 22 25 | 25.0
Stealth        | |  1.6
Spellcasting   | |  1.6
Conjurations   | |  1.0
Poison Magic   | |  2.7

Action                   |  1- 3 |  4- 6 |  7- 9 | 10-12 | 13-15 | 16-18 | 19-21 | 22-24 | 25-27 || total
-------------------------+-------+-------+-------+-------+-------+-------+-------+-------+-------++-------
Melee: Dagger            |     3 |       |       |       |       |       |       |       |       ||     3
       Whip              |    40 |    14 |   172 |       |       |       |       |       |       ||   226
       Flail             |       |    93 |    54 |       |       |       |       |       |       ||   147
       Spear             |       |       |   131 |   952 |  1222 |       |       |       |       ||  2305
       Broad axe         |       |       |       |       |   520 |  1512 |  1645 |  2047 |  2474 ||  8198
       Battleaxe         |       |       |       |       |    26 |   125 |       |       |       ||   151
       War axe           |       |       |       |       |       |       |       |   256 |       ||   256
 Cast: Sting             |    52 |   164 |       |       |       |       |       |       |       ||   216
Invok: Berserk           |       |       |       |    18 |    22 |    16 |     9 |    31 |    14 ||   110
       Trog's Hand       |       |       |       |     1 |    10 |     9 |    18 |    14 |    10 ||    62
       Brothers in Arms  |       |       |       |       |       |     2 |     1 |     9 |     1 ||    13
 Abil: Evoke Invisibilit |       |       |       |       |     2 |       |       |     1 |     8 ||    11
Evoke: Wand              |       |       |       |       |       |     2 |     3 |    19 |     7 ||    31
  Use: Scroll            |     5 |     6 |     7 |    14 |    11 |    12 |     6 |    17 |    21 ||    99
       Potion            |     1 |     1 |     5 |     1 |     1 |       |       |     5 |    10 ||    24
 Stab: Invisible         |       |       |       |       |     7 |       |       |     3 |    16 ||    26
       Distracted        |       |       |       |       |       |       |       |     4 |       ||     4
       Held in net/web   |       |       |       |       |       |       |       |       |     1 ||     1
  Eat: Chunk             |     5 |    17 |     8 |    26 |    41 |    12 |    17 |    48 |    45 ||   219
       Ration            |       |       |     3 |     5 |     7 |    16 |    12 |    18 |    13 ||    74
Armor: Robe              |     8 |     7 |       |       |       |       |       |       |       ||    15
       Leather armour    |       |    63 |       |       |       |       |       |       |       ||    63
       Chain mail        |       |       |   121 |       |       |       |       |   252 |       ||   373
       Ring mail         |       |       |    66 |   109 |       |       |       |       |       ||   175
       Crystal plate arm |       |       |       |   255 |  1134 |  1338 |   749 |   994 |       ||  4470
       Gold dragon scale |       |       |       |       |       |       |       |   633 |   726 ||  1359
Dodge: Dodged            |    37 |   126 |   134 |   190 |   292 |   306 |   146 |   355 |   476 ||  2062
Block: Large shield      |       |       |       |       |   236 |   819 |  1298 |  1957 |  1962 ||  6272

Table legend:
 A = Spawn XP
 B = Non-spawn XP
 C = Spawn XP percentage of total XP
 D = Spawn monster count
 E = Non-spawn monster count
 F = Spawn count percentage of total count
 G = Total turns spent on level
                    A         B        C        D         E        F      G
               +---------+---------+-------+---------+---------+-------+---------
         Total |       0 | 1642173 |   0.0 |       0 |    2246 |   0.0 | 96489
               +---------+---------+-------+---------+---------+-------+---------
           D:1 |       0 |      12 |   0.0 |       0 |       7 |   0.0 |  1377
           D:2 |       0 |     141 |   0.0 |       0 |      30 |   0.0 |  1985
           D:3 |       0 |      80 |   0.0 |       0 |      27 |   0.0 |  1784
           D:4 |       0 |     343 |   0.0 |       0 |      19 |   0.0 |  1508
           D:5 |       0 |     660 |   0.0 |       0 |      13 |   0.0 |  1449
           D:6 |       0 |     611 |   0.0 |       0 |      19 |   0.0 |  1187
           D:7 |       0 |    2079 |   0.0 |       0 |      25 |   0.0 |  1077
           D:8 |       0 |    3256 |   0.0 |       0 |      43 |   0.0 |  1249
           D:9 |       0 |    3006 |   0.0 |       0 |      44 |   0.0 |  1750
          D:10 |       0 |    5102 |   0.0 |       0 |      32 |   0.0 |  1855
          D:11 |       0 |    3562 |   0.0 |       0 |      28 |   0.0 |  1351
          D:12 |       0 |    2295 |   0.0 |       0 |      18 |   0.0 |  1624
          D:13 |       0 |    8036 |   0.0 |       0 |      26 |   0.0 |  2098
          D:14 |       0 |   11323 |   0.0 |       0 |      36 |   0.0 |  1081
          D:15 |       0 |   29557 |   0.0 |       0 |      67 |   0.0 |  3948
        Lair:1 |       0 |    1071 |   0.0 |       0 |       5 |   0.0 |   860
        Lair:2 |       0 |    5368 |   0.0 |       0 |      23 |   0.0 |  1451
        Lair:3 |       0 |    1443 |   0.0 |       0 |      14 |   0.0 |  1044
        Lair:4 |       0 |    3256 |   0.0 |       0 |      14 |   0.0 |   907
        Lair:5 |       0 |    4095 |   0.0 |       0 |      15 |   0.0 |  1498
        Lair:6 |       0 |   17207 |   0.0 |       0 |      48 |   0.0 |  1714
       Swamp:1 |       0 |   13487 |   0.0 |       0 |      29 |   0.0 |  1497
       Swamp:2 |       0 |   16102 |   0.0 |       0 |      31 |   0.0 |  1315
       Swamp:3 |       0 |   12674 |   0.0 |       0 |      29 |   0.0 |  2204
       Swamp:4 |       0 |   40664 |   0.0 |       0 |      70 |   0.0 |  2137
       Snake:1 |       0 |   17751 |   0.0 |       0 |      32 |   0.0 |  1665
       Snake:2 |       0 |   29847 |   0.0 |       0 |      55 |   0.0 |  1810
       Snake:3 |       0 |   24543 |   0.0 |       0 |      46 |   0.0 |  1265
       Snake:4 |       0 |   78792 |   0.0 |       0 |     112 |   0.0 |  3423
         Orc:1 |       0 |    3434 |   0.0 |       0 |      35 |   0.0 |  1068
         Orc:2 |       0 |   17835 |   0.0 |       0 |      60 |   0.0 |  3480
         Elf:1 |       0 |   20207 |   0.0 |       0 |      33 |   0.0 |  1397
         Elf:2 |       0 |   37219 |   0.0 |       0 |      46 |   0.0 |  1518
         Elf:3 |       0 |   45595 |   0.0 |       0 |      42 |   0.0 |  1385
      Vaults:1 |       0 |   36661 |   0.0 |       0 |      68 |   0.0 |  1711
      Vaults:2 |       0 |   47527 |   0.0 |       0 |      66 |   0.0 |  2639
      Vaults:3 |       0 |   57550 |   0.0 |       0 |      91 |   0.0 |  1688
      Vaults:4 |       0 |   50907 |   0.0 |       0 |      80 |   0.0 |  2025
      Vaults:5 |       0 |  146864 |   0.0 |       0 |     118 |   0.0 |  3487
      Depths:1 |       0 |   96048 |   0.0 |       0 |     121 |   0.0 |  6596
      Depths:2 |       0 |  127096 |   0.0 |       0 |     116 |   0.0 |  5581
      Depths:3 |       0 |   75470 |   0.0 |       0 |      87 |   0.0 |  2041
      Depths:4 |       0 |   59477 |   0.0 |       0 |      61 |   0.0 |  2000
      Depths:5 |       0 |   52827 |   0.0 |       0 |      42 |   0.0 |  1693
         Zot:1 |       0 |   90944 |   0.0 |       0 |      52 |   0.0 |  2592
         Zot:2 |       0 |   47249 |   0.0 |       0 |      27 |   0.0 |  1120
         Zot:3 |       0 |   67123 |   0.0 |       0 |      42 |   0.0 |  2273
         Zot:4 |       0 |   49667 |   0.0 |       0 |      28 |   0.0 |  1147
         Zot:5 |       0 |  168185 |   0.0 |       0 |      52 |   0.0 |  1550
         IceCv |       0 |    7925 |   0.0 |       0 |      22 |   0.0 |  1253
               +---------+---------+-------+---------+---------+-------+---------
